 Dungeon Crawl Stone Soup version 0.26-a0-599-gc8f6553d2c (webtiles) character file.

Game seed: 9772491452824055132

143 ANON1729 the Skirmisher (level 5, -1/55 HPs)
             Began as an Octopode Fighter on Aug 29, 2020.
             Killed from afar by an orc wizard (3 damage)
             ... with a puff of flame
             ... on level 3 of the Dungeon.
             The game lasted 00:02:30 (1906 turns).

ANON1729 the Skirmisher (Octopode Fighter)          Turns: 1906, Time: 00:02:31

Health: -1/55      AC: 22    Str: 17    XL:     5   Next: 25%
Magic:  5/5        EV:  2    Int: 10    God:
Gold:   131        SH:  9    Dex: 11    Spells: 4/4 levels left

rFire    . . .     SeeInvis .   a - +0 long sword
rCold    . . .     Faith    .   b - +0 kite shield
rNeg     + + +     Spirit   .   (helmet currently unavailable)
rPois    +         Reflect  .   (no amulet)
rElec    .         Harm     .   (no ring)
rCorr    .         NoTele   +   (no ring)
MR       .....                  (no ring)
Stlth    ++........             (no ring)
HPRegen  0.18/turn              (no ring)
MPRegen  0.09/turn              (no ring)
                                (no ring)
                                (no ring)

@: tree-form, stab
A: almost no armour, stealthy swim, (amphibious), 8 rings, (constrict 8)
a: no special abilities


You were on level 3 of the Dungeon.
You were a tree.
You visited 1 branch of the dungeon, and saw 3 of its levels.

You collected 131 gold pieces.

Inventory:

Hand Weapons
 a - a +0 long sword (weapon)
Armour
 b - a +0 kite shield (worn)
Jewellery
 h - an uncursed ring of ice
Scrolls
 d - a scroll of fog {unknown}
 g - a scroll of blinking {unknown}
 l - a scroll of fear {unknown}
 m - 3 scrolls of identify {unknown}
 p - a scroll of random uselessness {unknown}
Potions
 c - a potion of might
 e - 2 potions of stabbing
 f - a potion of haste {unknown}
 j - a potion of magic {unknown}
 k - a potion of lignification
 n - a potion of berserk rage {unknown}
 o - a potion of heal wounds {unknown}


   Skills:
 + Level 3.7 Fighting
 + Level 3.0 Long Blades
 + Level 3.7 Dodging
 + Level 2.5 Stealth
 + Level 3.7 Shields


You had 4 spell levels left.
You didn't know any spells.
Your spell library was empty.

Dungeon Overview and Level Annotations

Branches:
Dungeon (3/15)

Altars:
Gozag

Shops:
D:2 *


Innate Abilities, Weirdness & Mutations

You cannot wear most types of armour.
You are very stealthy in the water. (Stealth+)
((You are amphibious.))
You can wear up to eight rings at the same time.
((You can use your tentacles to constrict eight enemies at once.))
((Your skin changes colour to match your surroundings (Stealth+).))
((Your rubbery body absorbs attacks. (AC +1, EV +1)))


Message History

You hit the orc but do no damage. Your grab misses the orc.
Your squeeze misses the orc.
The orc is heavily wounded.
The orc hits you but does no damage. Something hits you but does no damage.
You closely miss the orc. Your grab misses the orc.
The orc is heavily wounded.
You block the orc's attack. Something hits you.
* * * LOW HITPOINT WARNING * * *
It was a potion of stabbing.
You feel ready to backstab. The orc hits you.
* * * LOW HITPOINT WARNING * * *
Something hits you.
* * * LOW HITPOINT WARNING * * *
It was a potion of lignification.
You turn into a tree.
Your roots penetrate the ground.
The orc hits you but does no damage.
You hear some strange, mumbled words.
A puff of flame appears from out of thin air!
The puff of flame hits you.
You die...

#.##....#
########.##.##.#
#........##.##.#
.#####........#
####.###.####
#........# #
#.##.#####
...##.##{##.#
#....†o♣...#
############


You could see an orc.

Vanquished Creatures
  Natasha (D:2)
  3 adders (D:2)
  An ooze (D:2)
  2 worms (D:2)
  A dart slug (D:1)
  An orc (D:3)
  3 ball pythons
  3 giant cockroaches
  8 goblins
  9 hobgoblins
  7 jackals (D:2)
  3 quokkas (D:2)
  13 bats
  3 frilled lizards
  8 kobolds
  10 rats
76 creatures vanquished.

Notes
Turn   | Place    | Note
-------+----------+-------------------------------------------
     0 | D:1      | ANON1729 the Octopode Fighter began the quest for the Orb.
     0 | D:1      | Reached XP level 1. HP: 16/16 MP: 1/1
    73 | D:1      | Reached XP level 2. HP: 16/21 MP: 2/2
   354 | D:1      | Reached skill level 1 in Stealth
   700 | D:1      | Reached XP level 3. HP: 26/26 MP: 3/3
   854 | D:2      | Found Gozag's Platinum Reserve.
  1081 | D:2      | Reached XP level 4. HP: 27/31 MP: 4/4
  1252 | D:2      | Found an opulent altar of Gozag.
  1661 | D:2      | Noticed Natasha
  1666 | D:2      | Killed Natasha
  1666 | D:2      | Reached XP level 5. HP: 37/37 MP: 5/5
  1905 | D:3      | HP: 1/37 [something (1)]
  1906 | D:3      | Killed from afar by an orc wizard

Illustrated notes

Levels and vault maps discovered:
D:1:      dpeg_arrival_court, layout_loops_corners
D:2:      kennysheep_six_static_rooms, layout_basic,
          nicolae_gozag_zags_fifth_avenue, kennysheep_generic_room_16,
          uniq_natasha
D:3:      layout_loops_cross

Skill      XL: |  1  2  3  4  5 |
---------------+----------------+-----
Stealth        | 1 2 |  2.5
Long Blades    | 3 |  3.0
Fighting       | |  3.7
Dodging        | |  3.7
Shields        | |  3.7

Action                   |  1- 3 |  4- 6 || total
-------------------------+-------+-------++-------
Melee: Long sword        |    68 |    59 ||   127
       Constrict         |    22 |    14 ||    36
       Tentacles         |    12 |    12 ||    24
  Use: Potion            |       |     3 ||     3
 Stab: Sleeping          |     7 |    10 ||    17
Armor: Skin              |     4 |     9 ||    13
Dodge: Dodged            |    41 |    27 ||    68
Block: Kite shield       |    27 |    17 ||    44
       Rpst.: Long sword |     7 |    10 ||    17

Table legend: (Time is in decaauts)
 A = Elapsed time spent in this place.
 B = Non-inter-level travel time spent in this place.
 C = Inter-level travel time spent in this place.
 D = Time resting spent in this place.
 E = Time spent auto-exploring this place.
 F = Levels seen in this place.
 G = Mean time per level.
                   A        B        C        D        E       F      G
               +--------+--------+--------+--------+--------+-----+--------+
         Total |   1950 |   1879 |     71 |    293 |   1175 |   3 |  650.0 |
       Dungeon |   1950 |   1879 |     71 |    293 |   1175 |   3 |  650.0 |
               +--------+--------+--------+--------+--------+-----+--------+

Top non-repeatable levels by time:
     D:2: 888 daAuts
     D:1: 868 daAuts
     D:3: 193 daAuts
